 Dungeon Crawl Stone Soup version 0.22-a0-362-g535178c (webtiles) character file.

160 Amnesiac the Grave Robber (level 5, -5/38 HPs)
             Began as a Mummy Necromancer on Apr 19, 2018.
             Slain by an ogre
             ... wielding a +0 giant spiked club
              (20 damage)
             ... on level 5 of the Dungeon.
             The game lasted 00:04:24 (691 turns).

Amnesiac the Grave Robber (Mummy Necromancer)        Turns: 691, Time: 00:04:25

Health: -5/38      AC:  3    Str: 12    XL:     5   Next: 17%
Magic:  4/9        EV: 13    Int: 15    God:
Gold:   73         SH:  0    Dex: 12    Spells: 6/10 levels left

rFire    x . .     SeeInvis .   (no weapon)
rCold    + . .     Gourm    .   (no shield)
rNeg     + + +     Faith    .   a - +0 robe
rPois    ∞         Spirit   .   (no helmet)
rElec    .         Reflect  .   (no cloak)
rCorr    .         Harm     .   (no gloves)
MR       .....                  e - +0 pair of boots
Stlth    ++........             b - amulet of magic regeneration
HPRegen  0.12/turn              (no ring)
MPRegen  0.36/turn              (no ring)

@: very slightly contaminated
A: no food or potions, fire vulnerability, cold resistance 1, negative energy
resistance 3, torment resistance, unbreathing
a: no special abilities


You were on level 5 of the Dungeon.
You were not hungry.

You visited 1 branch of the dungeon, and saw 5 of its levels.

You collected 73 gold pieces.

Inventory:

Missiles
 h - 14 sling bullets
Armour
 a - a +0 robe (worn)
 e - a +0 pair of boots (worn)
Jewellery
 b - an amulet of magic regeneration (around neck)
Scrolls
 c - a scroll of amnesia {!r, unknown}
 d - a scroll of remove curse {!r, unknown}
 f - a scroll of fear {!r, unknown}
 g - a scroll of teleportation {!r, unknown}


   Skills:
 + Level 2.2 Fighting
 * Level 3.2 Dodging
 - Level 1.5 Stealth
 - Level 3.0 Spellcasting
 + Level 4.7 Necromancy


You had 6 spell levels left.
You knew the following spells:

 Your Spells              Type           Power        Failure   Level  Hunger
a - Pain                  Necr           ###.         3%          1    N/A
d - Vampiric Draining     Necr           ###.......   9%          3    N/A

Dungeon Overview and Level Annotations

Branches:
Dungeon (5/15)
 Temple: D:4-7

Altars:
Xom


Innate Abilities, Weirdness & Mutations

You do not eat or drink.
Your flesh is vulnerable to fire.
You are immune to poison.
Your flesh is cold resistant. (rC+)
You are immune to negative energy. (rN+++)
You are immune to unholy pain and torment.
You can survive without breathing.


Message History

Aiming: Vampiric Draining (safe; 9% risk of failure)
Press: ? - help, Shift-Dir - straight line, f/p - adder
Aim: an adder (moderately wounded)
The adder is almost dead.
You feel life coursing into your body. The adder closely misses you.
Casting: Vampiric Draining (safe; 9% risk of failure)
Confirm with . or Enter, or press ? or * to list all spells.
Aiming: Pain (safe; 3% risk of failure)
Press: ? - help, Shift-Dir - straight line, f/p - adder
Aim: an adder (almost dead, chance to defeat MR: 81%)
The adder writhes in agony!
You kill the adder!
Wield which item (- for none, * to show all)? (? for menu, Esc to quit)
Okay, then.
You see here an adder corpse.
You see here a scroll labeled XEGRARAUDI {!r}.
g - a scroll labeled XEGRARAUDI {!r} The orc hits you with a club.
Found 17 stones.
Casting: Pain (safe; 3% risk of failure)
Confirm with . or Enter, or press ? or * to list all spells.
Aiming: Pain (safe; 3% risk of failure)
Press: ? - help, Shift-Dir - straight line, f - orc
Aim: an orc, wielding a club and wearing a ring mail (chance to defeat MR: 87%)
The orc writhes in agony!
You kill the orc!
Unknown command.
An ogre comes into view. It is wielding a giant spiked club.
Found a scroll labeled NOIGRU QUYWI.
A shadow imp comes into view.
You hear the rusting of a very distant drain.
The shadow imp shouts!
You hear a blaring wail to the south.
You hear a shout!
You hear an angry hiss.
You hear a shout!
The ogre misses you.
You hit the shadow imp but do no damage.
The shadow imp closely misses you.
You completely miss the shadow imp. The shadow imp hits you.
You see here 14 sling bullets.
h - 14 sling bullets The shadow imp misses you.
An orc comes into view. It is wielding a dagger of venom.
Found a short sword.
Found an escape hatch in the ceiling.
Found a stone staircase leading up.
Casting: Pain (safe; 3% risk of failure)
Confirm with . or Enter, or press ? or * to list all spells.
Aiming: Vampiric Draining (safe; 9% risk of failure)
Press: ? - help, Shift-Dir - straight line, f - ogre
Aim: an ogre, wielding a giant spiked club You miscast Vampiric Draining.
You are very lightly contaminated with residual magic.
Pain shoots through your body.
The ogre hits you with a giant spiked club!
* * * LOW HITPOINT WARNING * * *
Casting: Vampiric Draining (safe; 9% risk of failure)
Confirm with . or Enter, or press ? or * to list all spells.
Aiming: Vampiric Draining (safe; 9% risk of failure)
Press: ? - help, Shift-Dir - straight line, f/p - ogre
Aim: an ogre, wielding a giant spiked club You miscast Vampiric Draining.
You sense a malignant aura.
The ogre hits you with a giant spiked club!!
Ouch! That really hurt!
You die...

##.........#....................#
#.........####.._...#..........#
###.......#.........##..........#
# ##........###.....##...........
.# ####...### #####.##.#......###
.# #.#.# #...5#.###### # .# #.#.#
######..........## . #.#.#
#.Oo5.5.##<.....## ....#
#@##.#### ......## .
......<..##.# ....).##
.#####...##.# ......# #..##...
......# ... .#. ##.#### ..#. ..
.# ..... #. .. ######


You could see an ogre, 2 shadow imps and an orc.

Vanquished Creatures
  A scorpion (D:5)
  An orc wizard (D:4)
  Jessica (D:3)
  3 adders
  A dart slug (D:1)
  A leopard gecko (D:4)
  6 orcs
  A giant cockroach (D:5)
  A hobgoblin (D:1)
  2 quokkas
  3 bats
  2 frilled lizards
  A goblin (D:2)
  A rat (D:1)
25 creatures vanquished.

Vanquished Creatures (others)
  An ice beast (D:5)
  A howler monkey (D:5)
  An orc wizard (D:5)
  2 orcs (D:5)
5 creatures vanquished.

Grand Total: 30 creatures vanquished

Notes
Turn   | Place    | Note
-------+----------+-------------------------------------------
     0 | D:1      | Amnesiac the Mummy Necromancer began the quest for the Orb.
     0 | D:1      | Reached XP level 1. HP: 13/13 MP: 4/4
    79 | D:2      | Identified a paperback manual
    94 | D:2      | Noticed a big kobold
   162 | D:1      | Reached XP level 2. HP: 20/20 MP: 2/5
   276 | D:3      | Noticed Jessica
   282 | D:3      | Killed Jessica
   282 | D:3      | Reached skill level 1 in Fighting
   282 | D:3      | Reached XP level 3. HP: 26/26 MP: 1/7
   287 | D:3      | Learned a level 3 spell: Vampiric Draining
   405 | D:5      | Entered Level 5 of the Dungeon
   463 | D:4      | Reached XP level 4. HP: 12/33 MP: 0/8
   516 | D:5      | Killed an ice beast
   527 | D:5      | Reached XP level 5. HP: 18/38 MP: 3/9
   603 | D:5      | Found a shimmering altar of Xom.
   664 | D:5      | Noticed an ogre
   691 | D:5      | Slain by an ogre

Vault maps used:
D:1:      lightli_iron_boxes
D:2:      gammafunk_temple_of_torment, first_ration,
          grunt_dithmenos_smoke_and_mirrors, uniq_sigmund
D:3:      old_standard_altar, old_standard_altar, uniq_natasha, uniq_jessica,
          uniq_grinder, uniq_purgy
D:4:      minmay_temple_entry_grid, serial_shops, nicolae_shop_behind_doors,
          uniq_eustachio
D:5:      lemuel_round_altar, nemelex_altar_shiori, basic_altar,
          cheibrodos_sewer_entry_bend, lemuel_flamethrower_2, uniq_edmund

Skill      XL: |  1  2  3  4 |
---------------+-------------+-----
Dodging        | 2 3 |  3.2
Spellcasting   | 3 |  3.0
Fighting       | 1 2 |  2.2
Stealth        | |  1.5
Necromancy     | |  4.7

Action                   |  1- 3 |  4- 6 || total
-------------------------+-------+-------++-------
Melee: Unarmed           |       |     2 ||     2
 Cast: Pain              |    41 |    21 ||    62
       Vampiric Draining |       |     5 ||     5
Armor: Robe              |     1 |     2 ||     3
Dodge: Dodged            |    10 |     5 ||    15

Table legend:
 A = Spawn XP
 B = Non-spawn XP
 C = Spawn XP percentage of total XP
 D = Spawn monster count
 E = Non-spawn monster count
 F = Spawn count percentage of total count
 G = Total turns spent on level
                    A         B        C        D         E        F      G
               +---------+---------+-------+---------+---------+-------+---------
         Total |       0 |     229 |   0.0 |       0 |      25 |   0.0 |   691
               +---------+---------+-------+---------+---------+-------+---------
           D:1 |       0 |       8 |   0.0 |       0 |       4 |   0.0 |   153
           D:2 |       0 |      20 |   0.0 |       0 |       5 |   0.0 |    98
           D:3 |       0 |      52 |   0.0 |       0 |       3 |   0.0 |   128
           D:4 |       0 |      59 |   0.0 |       0 |       7 |   0.0 |   137
           D:5 |       0 |      90 |   0.0 |       0 |       6 |   0.0 |   175
               +---------+---------+-------+---------+---------+-------+---------
